 Dungeon Crawl Stone Soup version 0.30-a0-169-g06f667207d (webtiles) character file.

Game seed: 15027272927854025431

32791 qw the Cleaver (level 13, -6/84 HPs)
             Began as a Gargoyle Fighter on Sept 29, 2022.
             Was a High Priest of Okawaru.
             Killed from afar by an oklob plant (22 damage)
             ... with a splash of acid
             ... on level 3 of the Lair of Beasts.
             The game lasted 00:05:22 (12101 turns).

qw the Cleaver (Gargoyle Fighter)                  Turns: 12101, Time: 00:05:23

Health: -6/84      AC: 14    Str: 25    XL:     13   Next: 66%
Magic:  15/20      EV: 13    Int:  9    God:    Okawaru [*****.]
Gold:   399        SH:  6    Dex:  9    Spells: 12/12 levels left

rFire   . . .      SeeInvis +    s - +0 broad axe (flame)
rCold   . . .      Faith    .    c - +0 buckler
rNeg    + . .      Spirit   .    i - +1 plate armour
rPois   inf        Reflect  .    b - +0 helmet
rElec   +          Harm     .    (no cloak)
rCorr   .          Rampage  .    t - +0 pair of gloves
Will    .....                    (no boots)
Stlth   ..........               f - amulet of regeneration
HPRegen 1.04/turn                w - ring of see invisible
MPRegen 0.17/turn                j - +4 ring of evasion

@: heroic, finesse-ful, corroded
A: sickness immunity, AC +9, negative energy resistance 1, electricity
resistance, torment resistance 1, petrification resistance
a: Renounce Religion, Heroism, Finesse, Duel


You were on level 3 of the Lair of Beasts.
You worshipped Okawaru.
Okawaru was extremely pleased with you.
You visited 3 branches of the dungeon, and saw 14 of its levels.

You collected 761 gold pieces.
You spent 362 gold pieces at shops.


Innate Abilities, Weirdness & Mutations

You are immune to sickness and miasma.
Your stone body is resilient. (AC +9)
You are immune to poison.
You resist negative energy. (rN+)
You are resistant to electric shocks. (rElec)
You are resistant to unholy torment.
You are immune to petrification.


   Skills:
 - Level 11.1(16.1) Fighting
 - Level 14.0(19.0) Axes
 - Level 2.1(7.1) Throwing
 + Level 9.7(14.7) Armour
 - Level 2.1(7.1) Dodging
 - Level 7.0(12.0) Shields
 - Level 10.0 Invocations


You had 12 spell levels left.
You didn't know any spells.
Your spell library was empty.

Inventory:

Hand Weapons
 s - a +0 broad axe of flaming (weapon)
Missiles
 g - 12 boomerangs (quivered)
Armour
 b - a +0 helmet (worn)
 c - a +0 buckler (worn)
 i - a +1 plate armour (worn)
 t - a +0 pair of gloves (worn)
Jewellery
 f - an amulet of regeneration (around neck)
 j - a +4 ring of evasion (right hand)
 l - a ring of fire
 o - a +6 ring of strength
 w - a ring of see invisible (left hand)
Scrolls
 a - 3 scrolls of identify
Potions
 d - 3 potions of might
 k - a potion of lignification
 m - 7 potions of curing
 n - 3 potions of mutation
 p - 2 potions of resistance
 q - 3 potions of haste
 r - 2 potions of attraction

Dungeon Overview and Level Annotations

Branches:
Dungeon (10/15)            Temple (1/1) D:7            Lair (3/5) D:10
 Spider (0/4) Lair:2
  Swamp: Lair:2-3    Shoals: Lair:2-3       Orc: D:9-12

Altars:
Ashenzari
Cheibriados
Dithmenos
Elyvilon
Fedhas
Gozag
Hepliaklqana
Kikubaaqudgha
Makhleb
Nemelex Xobeh
Okawaru
Qazlal
Ru
Sif Muna
Trog
Uskayaw
Vehumet
Wu Jian
Xom
Yredelemnul
Zin
The Shining One

Shops:
D:6 ?   D:7 *   D:10 :


Message History

You hit the water moccasin but do no damage.
You hit the bush. You burn the bush. You miss the water moccasin.
You slash the bush! You burn the bush. The water moccasin barely misses you.
You hit the water moccasin but do no damage.
You hit the bush but do no damage. You slash the water moccasin!
You burn the water moccasin.
The water moccasin is heavily wounded.
You hit the bush but do no damage.
Your hands slow down.
The water moccasin barely misses you.
12094 ||| INVOKING Finesse.
You can now deal lightning-fast blows.
The water moccasin bites you but does no damage.
You hit the water moccasin but do no damage.
The water moccasin is heavily wounded.
You hit the bush. You burn the bush. You block the water moccasin's attack.
You miss the water moccasin.
The water moccasin is heavily wounded.
You hit the bush but do no damage.
You hit the water moccasin but do no damage.
The water moccasin is heavily wounded.
You hit the bush but do no damage.
The water moccasin bites you but does no damage.
You slash the water moccasin! You burn the water moccasin.
You kill the water moccasin!
Okawaru accepts your kill.
You hit the bush. You burn the bush. The oklob plant spits acid at you.
The splash of acid hits you!!
You hit the oklob plant but do no damage.
You hit the plant.
The plant begins to die.
You burn the plant. You slash the bush! You burn the bush!
You slash the oklob plant! You burn the oklob plant.
The oklob plant is moderately damaged.
You hit the bush but do no damage. You hit the plant but do no damage.
The oklob plant spits acid at you. The splash of acid hits you!!
You die...

..........# ..........##
...........###
.............#
.............###
..PPP........... #.
.PP(PP..%....... ....
PP..[PP@.....# .....
P..).PPP....## ......
P.P>PP......# .......
.....P......## .....:..
..P..........##.........
............##.....#....
...........P# P.........
............###.........
...........##.P.........


You could see 2 oklob plants.

Vanquished Creatures
  Snorg (Lair:2)
  Harold (Lair:1)
  A hydra (Lair:3)
  Sonja (D:10)
  2 oklob plants (Lair:3)
  3 black mambas
  2 gargoyles
  4 cane toads
  An unseen horror zombie (D:8)
  3 komodo dragons
  2 rime drakes (Lair:1)
  A hornet (Lair:3)
  15 blink frogs
  Prince Ribbit (Lair:3)
  26 yaks
  A shadow (D:10)
  5 wyverns
  A vampire (D:10)
  Grum (Lair:1)
  A basilisk (Lair:1)
  A steam dragon (D:6)
  4 wargs (D:10)
  12 water moccasins
  Duvessa (D:6)
  2 hornet zombies (D:8)
  A floating eye (Lair:3)
  3 ice beasts (D:5)
  7 orc warriors
  2 sky beasts (D:7)
  2 black bears
  2 ogres
  9 wolves
  3 centaurs
  A phantom (D:4)
  A gnoll sergeant (D:10)
  4 wyvern zombies (D:8)
  A necrophage (D:8)
  11 bullfrogs
  6 scorpions
  15 wights (D:8)
  Dowan (D:6)
  12 killer bees (D:8)
  An electric eel (D:7)
  A howler monkey (D:6)
  3 centaur zombies (D:8)
  4 gnoll boudas
  3 hounds (D:5)
  A jelly (D:6)
  7 orc priests
  16 orc wizards
  2 killer bee zombies (D:8)
  A howler monkey zombie (D:8)
  21 gnolls
  7 adders
  A shadow imp (D:5)
  3 ufetubi
  2 worms
  2 dart slugs
  40 orcs
  4 ball pythons
  4 bats
  4 endoplasms
  4 giant cockroaches
  5 goblins
  2 hobgoblins
  14 jackals
  2 quokkas
  4 frilled lizards (D:2)
  4 kobolds
  4 rats
340 creatures vanquished.

Vanquished Creatures (others)
  An orc wizard (D:9)
  33 fungi
  47 plants
81 creatures vanquished.

Grand Total: 421 creatures vanquished

Notes
Turn   | Place    | Note
-------+----------+-------------------------------------------
     0 | D:1      | qw the Gargoyle Fighter began the quest for the Orb.
     0 | D:1      | Reached XP level 1. HP: 14/14 MP: 1/1
     0 | D:1      | 0 ||| qw: Version: 0.2-a-12-gaebbb33
     0 | D:1      | 0 ||| qw: Game counter: 1303
     0 | D:1      | 0 ||| qw: Always use a shield: true
     0 | D:1      | 0 ||| qw: God list: Okawaru
     0 | D:1      | 0 ||| qw: Allow faded altars: false
     0 | D:1      | 0 ||| qw: Do Orc after D:15 true
     0 | D:1      | 0 ||| qw: Do second Lair branch before Depths: true
     0 | D:1      | 0 ||| qw: Lair rune preference: random
     0 | D:1      | 0 ||| qw: Plans: Normal, Zot:1-4, God:TSO, Crypt, Tomb,
                  | Pan, Slime:5, Hells, Abyss, Orb
     0 | D:1      | 0 ||| PLANNING D:1-11
   130 | D:1      | Reached skill level 2 in Axes
   430 | D:1      | Reached XP level 2. HP: 19/19 MP: 2/2
   905 | D:1      | 905 ||| UPGRADING to +1 ring mail of willpower.
   915 | D:1      | 915 ||| UPGRADING to +6 ring of strength.
   916 | D:1      | 916 ||| UPGRADING to +4 ring of evasion.
   917 | D:1      | 917 ||| DROPPING ring of magical power.
   918 | D:1      | 918 ||| READING scroll labelled ENA OTTEXYMUGGAKHE.
   919 | D:1      | 919 ||| DRINKING 2 puce potions.
  1020 | D:1      | 1020 ||| DROPPING potion of ambrosia.
  1071 | D:2      | 1071 ||| STAIRDANCE
  1111 | D:2      | 1111 ||| STAIRDANCE
  1187 | D:2      | Reached skill level 3 in Axes
  1246 | D:2      | Reached XP level 3. HP: 12/23 MP: 3/3
  2126 | D:2      | 2126 ||| DROPPING +0 scale mail.
  2127 | D:2      | 2127 ||| UPGRADING to +0 chain mail.
  2137 | D:2      | 2137 ||| DROPPING +1 ring mail of willpower.
  2138 | D:2      | 2138 ||| READING 2 scrolls labelled LUUROUGASHRU.
  2139 | D:2      | 2139 ||| READING scroll labelled MOVVUDUHIH.
  2140 | D:2      | 2140 ||| STAIRDANCE
  2242 | D:1      | 2242 ||| DRINKING 2 cyan potions.
  2527 | D:3      | Reached XP level 4. HP: 23/28 MP: 4/4
  2684 | D:3      | Reached skill level 4 in Axes
  2831 | D:3      | Found a faded altar of an unknown god.
  3151 | D:3      | 3151 ||| READING 3 scrolls labelled UTOICV QAULEIWN.
  3152 | D:3      | 3152 ||| DRINKING 2 pink potions.
  3153 | D:3      | 3153 ||| DRINKING 4 sedimented purple potions.
  3154 | D:3      | 3154 ||| DRINKING 2 orange potions.
  3155 | D:3      | 3155 ||| READING 2 scrolls of identify.
  3155 | D:3      | 3155 ||| IDENTIFYING viscous black potion
  3156 | D:3      | 3156 ||| DROPPING potion of magic.
  3157 | D:3      | 3157 ||| DROPPING potion of brilliance.
  3158 | D:3      | 3158 ||| DROPPING 2 scrolls of vulnerability.
  3233 | D:4      | 3233 ||| Stepping ~*~*~tactically~*~*~ (stealth).
  3420 | D:4      | Identified the +9 spear of Desperation {pain, Dex+3}
  3448 | D:4      | 3448 ||| Stepping ~*~*~tactically~*~*~ (stealth).
  3464 | D:4      | Reached XP level 5. HP: 23/32 MP: 5/5
  3464 | D:4      | 3464 ||| DRINKING 3 potions of curing.
  3464 | D:4      | 3464 ||| (to cure confusion)
  3476 | D:4      | 3476 ||| DRINKING 2 potions of curing.
  3476 | D:4      | 3476 ||| (to cure confusion)
  3480 | D:4      | 3480 ||| DRINKING potion of curing.
  3480 | D:4      | 3480 ||| (to cure confusion)
  3543 | D:4      | 3543 ||| DROPPING +0 whip.
  3592 | D:4      | Noticed a phantom
  3609 | D:4      | Killed a phantom
  3610 | D:4      | Reached skill level 5 in Axes
  3673 | D:4      | 3673 ||| Stepping ~*~*~tactically~*~*~ (hiding).
  3675 | D:4      | 3675 ||| Stepping ~*~*~tactically~*~*~ (hiding).
  3685 | D:4      | HP: 7/32 [gnoll/+0 whip[a gnoll bouda] (5)]
  3686 | D:4      | 3686 ||| DRINKING 2 potions of heal wounds.
  3692 | D:4      | Reached XP level 6. HP: 17/38 MP: 6/6
  3701 | D:4      | HP: 8/38 [gnoll/+0 flail[a gnoll bouda] (6)]
  3702 | D:4      | 3702 ||| DRINKING potion of heal wounds.
  4058 | D:4      | Reached skill level 6 in Axes
  4139 | D:4      | 4139 ||| Stepping ~*~*~tactically~*~*~ (stealth).
  4141 | D:4      | 4141 ||| Stepping ~*~*~tactically~*~*~ (stealth).
  4287 | D:4      | 4287 ||| UPGRADING to +0 plate armour.
  4297 | D:4      | 4297 ||| DROPPING +0 chain mail.
  4320 | D:5      | Entered Level 5 of the Dungeon
  4359 | D:5      | Noticed an ice beast
  4360 | D:5      | 4360 ||| Stepping ~*~*~tactically~*~*~ (stealth).
  4378 | D:5      | 4378 ||| FLEEEEING.
  4379 | D:5      | 4379 ||| FLEEEEING.
  4380 | D:5      | 4380 ||| FLEEEEING.
  4381 | D:5      | 4381 ||| FLEEEEING.
  4393 | D:5      | Killed an ice beast
  4394 | D:5      | Reached skill level 1 in Dodging
  4394 | D:5      | Reached XP level 7. HP: 41/43 MP: 7/7
  4436 | D:5      | 4436 ||| Stepping ~*~*~tactically~*~*~ (stealth).
  4541 | D:5      | HP: 9/43 [ogre/+0 giant spiked club (6)]
  4855 | D:5      | Reached skill level 7 in Axes
  4875 | D:5      | Reached XP level 8. HP: 48/48 MP: 8/8
  5034 | D:5      | Found an opulent altar of Gozag.
  5034 | D:5      | Found a glowing silver altar of Zin.
  5133 | D:5      | 5133 ||| READING scroll labelled NUBURO OBRO.
  5159 | D:6      | 5159 ||| Stepping ~*~*~tactically~*~*~ (hiding).
  5160 | D:6      | 5160 ||| Stepping ~*~*~tactically~*~*~ (hiding).
  5211 | D:6      | Found Kaevo's Magic Scroll Shoppe.
  5220 | D:6      | 5220 ||| BUYING scroll of enchant armour (105 gold).
  5220 | D:6      | Bought a scroll of enchant armour for 105 gold pieces
  5220 | D:6      | 5220 ||| BUYING scroll of identify (28 gold).
  5220 | D:6      | Bought a scroll of identify for 28 gold pieces
  5220 | D:6      | 5220 ||| READING scroll of enchant armour.
  5220 | D:6      | 5220 ||| ENCHANTING +0 plate armour.
  5237 | D:6      | Noticed Duvessa
  5238 | D:6      | Noticed Dowan
  5239 | D:6      | 5239 ||| Stepping ~*~*~tactically~*~*~ (stealth).
  5241 | D:6      | 5241 ||| Stepping ~*~*~tactically~*~*~ (stealth).
  5245 | D:6      | 5245 ||| Stepping ~*~*~tactically~*~*~ (stealth).
  5251 | D:6      | Killed Duvessa
  5277 | D:6      | Killed Dowan
  5426 | D:6      | Found a sparkling altar of Nemelex Xobeh.
  5436 | D:6      | 5436 ||| Stepping ~*~*~tactically~*~*~ (cloud).
  5444 | D:6      | Reached skill level 8 in Axes
  5459 | D:6      | HP: 10/51 [orc warrior/+0 short sword (9)]
  5459 | D:6      | HP: 2/51 [orc warrior/+0 short sword (8)]
  5461 | D:6      | Reached skill level 6 in Fighting
  5520 | D:6      | 5520 ||| Stepping ~*~*~tactically~*~*~ (stealth).
  5521 | D:6      | 5521 ||| Stepping ~*~*~tactically~*~*~ (stealth).
  5522 | D:6      | 5522 ||| Stepping ~*~*~tactically~*~*~ (stealth).
  5523 | D:6      | 5523 ||| Stepping ~*~*~tactically~*~*~ (stealth).
  5524 | D:6      | HP: 7/52 [howler monkey (6)]
  5612 | D:6      | 5612 ||| FLEEEEING.
  5613 | D:6      | 5613 ||| FLEEEEING.
  5614 | D:6      | 5614 ||| FLEEEEING.
  5780 | D:6      | 5780 ||| Stepping ~*~*~tactically~*~*~ (stealth).
  5782 | D:6      | 5782 ||| Stepping ~*~*~tactically~*~*~ (stealth).
  6175 | D:6      | 6175 ||| FLEEEEING.
  6178 | D:6      | 6178 ||| Stepping ~*~*~tactically~*~*~ (hiding).
  6184 | D:6      | Reached XP level 9. HP: 56/56 MP: 9/9
  6440 | D:6      | 6440 ||| UPGRADING to amulet of regeneration.
  6445 | D:6      | 6445 ||| READING scroll labelled DEONNA WONIJI.
  6448 | D:6      | 6448 ||| READING scroll labelled GUSUTE JUOMOU.
  6449 | D:6      | 6449 ||| DRINKING 2 ruby potions.
  6450 | D:6      | 6450 ||| READING 5 scrolls of identify.
  6450 | D:6      | 6450 ||| IDENTIFYING white potion
  6451 | D:6      | 6451 ||| READING 4 scrolls of identify.
  6451 | D:6      | 6451 ||| IDENTIFYING fuming grey potion
  6452 | D:6      | 6452 ||| READING 3 scrolls of identify.
  6452 | D:6      | 6452 ||| IDENTIFYING fizzy sapphire potion
  6453 | D:6      | 6453 ||| READING 2 scrolls of identify.
  6453 | D:6      | 6453 ||| IDENTIFYING grey potion
  6527 | D:7      | Reached skill level 9 in Axes
  6535 | D:7      | Found Memp's Assorted Antiques.
  6559 | D:7      | 6559 ||| BUYING glowing chain mail (202 gold).
  6559 | D:7      | Bought a glowing chain mail for 202 gold pieces
  6559 | D:7      | 6559 ||| BUYING scroll labelled ATOASY QOCZUQA (27 gold).
  6559 | D:7      | Bought a scroll labelled ATOASY QOCZUQA for 27 gold pieces
  6559 | D:7      | 6559 ||| SHOPLISTING scroll labelled GUANAX AWUOSEI (27
                  | gold, have 25).
  6559 | D:7      | 6559 ||| SHOPLISTING scroll labelled MADWUQ FAESTOM (27
                  | gold, have 25).
  6559 | D:7      | 6559 ||| SHOPLISTING scroll labelled SIUMOO ORAUSY (27
                  | gold, have 25).
  6559 | D:7      | 6559 ||| SHOPLISTING scroll of identify (54 gold, have 25).
  6599 | D:7      | Found a staircase to the Ecumenical Temple.
  6601 | D:7      | 6601 ||| PLANNING TEMPLE
  6601 | D:7      | 6601 ||| DROPPING +3 chain mail of willpower.
  6602 | D:7      | 6602 ||| READING scroll labelled ATOASY QOCZUQA.
  6612 | Temple   | Entered the Ecumenical Temple
  6693 | Temple   | 6693 ||| PLANNING OKAWARU WORSHIP
  6785 | Temple   | Became a worshipper of Warmaster Okawaru
  6786 | Temple   | 6786 ||| PLANNING D:1-11
  6884 | D:7      | 6884 ||| READING scroll of enchant weapon.
  6884 | D:7      | 6884 ||| ENCHANTING +1 war axe.
  7151 | D:7      | Noticed a +0 short sword
  7151 | D:7      | Noticed a +0 falchion
  7153 | D:7      | Noticed a +0 spear
  7154 | D:7      | Noticed a +0 spear
  7155 | D:7      | Noticed a +0 short sword
  7155 | D:7      | Noticed a +0 dagger
  7155 | D:7      | Noticed a +0 dagger
  7156 | D:7      | Noticed a +0 falchion
  7157 | D:7      | Found a hide-covered altar of Uskayaw.
  7242 | D:7      | 7242 ||| READING scroll labelled KOIMAMP DEMI.
  7295 | D:8      | Reached skill level 10 in Axes
  7364 | D:8      | Identified the +5 trident of Circularity {venom, Dex+3}
  7375 | D:8      | Reached * piety under Okawaru
  7381 | D:8      | 7381 ||| INVOKING Heroism.
  7432 | D:8      | Reached skill level 1 in Invocations
  7436 | D:8      | Reached XP level 10. HP: 64/64 MP: 9/11
  7467 | D:8      | 7467 ||| INVOKING Heroism.
  7488 | D:8      | 7488 ||| INVOKING Heroism.
  7495 | D:8      | Reached skill level 3 in Invocations
  7504 | D:8      | Reached ** piety under Okawaru
  7512 | D:8      | Reached skill level 6 in Armour
  7534 | D:8      | 7534 ||| Stepping ~*~*~tactically~*~*~ (stealth).
  7545 | D:8      | 7545 ||| Stepping ~*~*~tactically~*~*~ (stealth).
  7546 | D:8      | 7546 ||| Stepping ~*~*~tactically~*~*~ (stealth).
  7557 | D:8      | 7557 ||| DROPPING +0 flail.
  7592 | D:8      | 7592 ||| INVOKING Heroism.
  7593 | D:8      | Noticed a gargoyle
  7602 | D:8      | Reached skill level 1 in Throwing
  7615 | D:8      | HP: 5/64 [gargoyle/stone arrow (20)]
  7616 | D:8      | 7616 ||| READING scroll of teleportation.
  7618 | D:8      | Killed a gargoyle
  7622 | D:8      | 7622 ||| INVOKING Heroism.
  7624 | D:8      | HP: 9/64 [wight/+3 trident of freezing (4)]
  7632 | D:8      | HP: 8/64 [wight/+0 spear (2)]
  7639 | D:8      | HP: 5/64 [wight/+0 spear (8)]
  7786 | D:8      | 7786 ||| Stepping ~*~*~tactically~*~*~ (stealth).
  7802 | D:8      | 7802 ||| Stepping ~*~*~tactically~*~*~ (stealth).
  7807 | D:8      | 7807 ||| Stepping ~*~*~tactically~*~*~ (stealth).
  7932 | D:8      | 7932 ||| Stepping ~*~*~tactically~*~*~ (hiding).
  7938 | D:8      | 7938 ||| INVOKING Heroism.
  7941 | D:8      | 7941 ||| Stepping ~*~*~tactically~*~*~ (stealth).
  7943 | D:8      | 7943 ||| Stepping ~*~*~tactically~*~*~ (stealth).
  7952 | D:8      | Reached skill level 11 in Axes
  7971 | D:8      | 7971 ||| INVOKING Heroism.
  8002 | D:8      | Found a flagged portal.
  8053 | D:8      | 8053 ||| Stepping ~*~*~tactically~*~*~ (stealth).
  8056 | D:8      | 8056 ||| Stepping ~*~*~tactically~*~*~ (stealth).
  8063 | D:8      | 8063 ||| Stepping ~*~*~tactically~*~*~ (stealth).
  8066 | D:8      | 8066 ||| Stepping ~*~*~tactically~*~*~ (hiding).
  8103 | D:8      | 8103 ||| DROPPING +2 chain mail of poison resistance.
  8104 | D:8      | 8104 ||| UPGRADING to ring of see invisible.
  8106 | D:8      | 8106 ||| READING scroll labelled NUOBRI FEFOO.
  8107 | D:8      | 8107 ||| READING scroll labelled RATZOTSIOH.
  8108 | D:8      | 8108 ||| READING scroll labelled KUATASI UXA.
  8201 | D:9      | 8201 ||| Stepping ~*~*~tactically~*~*~ (stealth).
  8203 | D:9      | 8203 ||| INVOKING Heroism.
  8248 | D:9      | Found a white marble altar of Elyvilon.
  8303 | D:9      | 8303 ||| READING scroll of enchant weapon.
  8303 | D:9      | 8303 ||| ENCHANTING +2 war axe.
  8587 | D:9      | 8587 ||| INVOKING Heroism.
  8677 | D:9      | 8677 ||| Stepping ~*~*~tactically~*~*~ (hiding).
  8685 | D:9      | 8685 ||| Stepping ~*~*~tactically~*~*~ (hiding).
  8691 | D:9      | 8691 ||| INVOKING Heroism.
  8703 | D:9      | Reached *** piety under Okawaru
  8704 | D:9      | Reached skill level 9 in Fighting
  8798 | D:9      | 8798 ||| INVOKING Heroism.
  8929 | D:9      | 8929 ||| READING scroll labelled SIUMOO ORAUSY.
  8950 | D:10     | Entered Level 10 of the Dungeon
  8954 | D:10     | 8954 ||| STAIRDANCE
  9058 | D:10     | 9058 ||| STAIRDANCE
  9065 | D:10     | 9065 ||| STAIRDANCE
  9069 | D:9      | Reached XP level 11. HP: 71/71 MP: 14/14
  9071 | D:10     | 9071 ||| STAIRDANCE
  9079 | D:10     | 9079 ||| STAIRDANCE
  9085 | D:9      | 9085 ||| INVOKING Heroism.
  9106 | D:10     | Noticed Sonja
  9116 | D:10     | Killed Sonja
  9120 | D:10     | 9120 ||| INVOKING Heroism.
  9121 | D:10     | 9121 ||| DRINKING 6 potions of curing.
  9121 | D:10     | 9121 ||| (to cure confusion)
  9127 | D:10     | HP: 12/71 [gargoyle/+0 mace (16)]
  9128 | D:10     | 9128 ||| DRINKING potion of heal wounds.
  9140 | D:10     | Reached **** piety under Okawaru
  9141 | D:10     | Reached skill level 12 in Axes
  9144 | D:10     | 9144 ||| Stepping ~*~*~tactically~*~*~ (hiding).
  9144 | D:10     | Found a staircase to the Lair.
  9157 | D:10     | 9157 ||| Stepping ~*~*~tactically~*~*~ (stealth).
  9178 | D:10     | 9178 ||| Stepping ~*~*~tactically~*~*~ (stealth).
  9179 | D:10     | 9179 ||| Stepping ~*~*~tactically~*~*~ (stealth).
  9180 | D:10     | 9180 ||| Stepping ~*~*~tactically~*~*~ (stealth).
  9182 | D:10     | 9182 ||| INVOKING Heroism.
  9183 | D:10     | 9183 ||| Stepping ~*~*~tactically~*~*~ (hiding).
  9321 | D:10     | 9321 ||| Stepping ~*~*~tactically~*~*~ (stealth).
  9327 | D:10     | 9327 ||| INVOKING Heroism.
  9374 | D:10     | Found a broken altar of Ashenzari.
  9420 | D:10     | Found Cehasoez's Tremendous Tomes.
  9574 | D:10     | 9574 ||| Stepping ~*~*~tactically~*~*~ (stealth).
  9642 | D:10     | 9642 ||| Stepping ~*~*~tactically~*~*~ (hiding).
  9648 | D:10     | 9648 ||| INVOKING Heroism.
  9656 | D:10     | Reached skill level 6 in Shields
  9686 | D:10     | 9686 ||| INVOKING Heroism.
  9894 | D:10     | 9894 ||| READING scroll of enchant weapon.
  9894 | D:10     | 9894 ||| ENCHANTING +3 war axe.
  9966 | D:10     | 9966 ||| PLANNING LAIR
  9966 | D:10     | 9966 ||| UPGRADING to +0 pair of gloves.
  9971 | D:10     | 9971 ||| READING 4 scrolls of identify.
  9971 | D:10     | 9971 ||| IDENTIFYING coppery potion
  9972 | D:10     | 9972 ||| READING 3 scrolls of identify.
  9972 | D:10     | 9972 ||| IDENTIFYING glowing green potion
  9973 | D:10     | 9973 ||| DRINKING potion of experience.
  9973 | D:10     | Reached skill level 9 in Armour
  9973 | D:10     | Reached XP level 12. HP: 76/76 MP: 15/18
  9992 | D:10     | 9992 ||| DROPPING potion of degeneration.
 10032 | Lair:1   | Entered Level 1 of the Lair of Beasts
 10038 | Lair:1   | 10038 ||| INVOKING Heroism.
 10053 | Lair:1   | Reached skill level 9 in Invocations
 10122 | Lair:1   | Noticed Grum
 10123 | Lair:1   | 10123 ||| Stepping ~*~*~tactically~*~*~ (stealth).
 10125 | Lair:1   | 10125 ||| Stepping ~*~*~tactically~*~*~ (hiding).
 10131 | Lair:1   | 10131 ||| INVOKING Heroism.
 10148 | Lair:1   | Killed Grum
 10223 | Lair:1   | 10223 ||| Stepping ~*~*~tactically~*~*~ (hiding).
 10225 | Lair:1   | 10225 ||| Stepping ~*~*~tactically~*~*~ (hiding).
 10263 | Lair:1   | 10263 ||| INVOKING Heroism.
 10297 | Lair:1   | Noticed Harold
 10298 | Lair:1   | 10298 ||| Stepping ~*~*~tactically~*~*~ (hiding).
 10302 | Lair:1   | 10302 ||| INVOKING Heroism.
 10313 | Lair:1   | Killed Harold
 10425 | Lair:1   | 10425 ||| INVOKING Heroism.
 10445 | Lair:1   | Reached ***** piety under Okawaru
 10454 | Lair:1   | Reached XP level 13. HP: 40/82 MP: 20/20
 10695 | Lair:1   | 10695 ||| INVOKING Heroism.
 10710 | Lair:1   | Reached skill level 13 in Axes
 10904 | Lair:1   | 10904 ||| UPGRADING to +0 helmet.
 11051 | Lair:2   | 11051 ||| Stepping ~*~*~tactically~*~*~ (stealth).
 11074 | Lair:2   | 11074 ||| INVOKING Heroism.
 11076 | Lair:2   | 11076 ||| Stepping ~*~*~tactically~*~*~ (stealth).
 11296 | Lair:2   | 11296 ||| Stepping ~*~*~tactically~*~*~ (stealth).
 11338 | Lair:2   | 11338 ||| Stepping ~*~*~tactically~*~*~ (stealth).
 11340 | Lair:2   | 11340 ||| Stepping ~*~*~tactically~*~*~ (stealth).
 11341 | Lair:2   | 11341 ||| Stepping ~*~*~tactically~*~*~ (stealth).
 11342 | Lair:2   | 11342 ||| Stepping ~*~*~tactically~*~*~ (stealth).
 11343 | Lair:2   | 11343 ||| INVOKING Heroism.
 11402 | Lair:2   | Received a gift from Okawaru
 11404 | Lair:2   | 11404 ||| SWAPPING to +0 broad axe of flaming.
 11405 | Lair:2   | 11405 ||| DROPPING +1 hand axe of flaming.
 11406 | Lair:2   | 11406 ||| DROPPING +4 war axe.
 11557 | Lair:2   | Found a hole to the Spider Nest.
 11558 | Lair:2   | 11558 ||| INVOKING Finesse.
 11559 | Lair:2   | 11559 ||| READING 2 scrolls of teleportation.
 11560 | Lair:2   | 11560 ||| Stepping randomly (stuck).
 11595 | Lair:2   | 11595 ||| INVOKING Heroism.
 11598 | Lair:2   | 11598 ||| Stepping ~*~*~tactically~*~*~ (stealth).
 11742 | Lair:2   | 11742 ||| INVOKING Finesse.
 11743 | Lair:2   | 11743 ||| READING scroll of teleportation.
 11797 | Lair:2   | Reached skill level 14 in Axes
 11831 | Lair:3   | Noticed Snorg
 11832 | Lair:3   | 11832 ||| INVOKING Heroism.
 11833 | Lair:3   | 11833 ||| INVOKING Finesse.
 11835 | Lair:3   | 11835 ||| STAIRDANCE
 11848 | Lair:2   | Killed Snorg
 11886 | Lair:3   | 11886 ||| INVOKING Heroism.
 11911 | Lair:3   | Noticed Prince Ribbit
 11912 | Lair:3   | 11912 ||| Stepping ~*~*~tactically~*~*~ (stealth).
 11913 | Lair:3   | 11913 ||| Stepping ~*~*~tactically~*~*~ (stealth).
 11917 | Lair:3   | Killed Prince Ribbit
 11956 | Lair:3   | 11956 ||| INVOKING Heroism.
 12042 | Lair:3   | 12042 ||| INVOKING Heroism.
 12043 | Lair:3   | 12043 ||| INVOKING Finesse.
 12070 | Lair:3   | 12070 ||| DRINKING potion of cancellation.
 12094 | Lair:3   | 12094 ||| INVOKING Finesse.
 12098 | Lair:3   | HP: 15/84 [oklob plant/splash of acid (27)]
 12101 | Lair:3   | Killed from afar by an oklob plant

Levels and vault maps discovered:
D:1:      dpeg_arrival_arbitrary_b, layout_basic
D:2:      layout_basic, chequers_serial_rivers_micro_c
D:3:      layout_loops_ring, shapermc_ecumenical_altar_mp_ritualfount,
          minmay_misc_feat_pillars
D:4:      layout_rooms
D:5:      layout_rooms, grunt_temple_overflow_gold_and_silver, minivault_23
D:6:      layout_basic, mainiacjoe_overflow_surrounded_room, serial_shops,
          nicolae_diamond_shop, eino_small_chamber_without_monster, uniq_duvessa
D:7:      layout_cave_pools, nicolae_uskayaw_en_pointe,
          minmay_temple_entry_waves, nicolae_water_bricks, nicolae_stop_n_shop_2
D:8:      layout_basic, serial_undead, serial_undead_e, serial_undead_d,
          serial_undead_d, serial_undead_d, serial_undead_a, serial_undead_f,
          serial_undead_d, enter_bailey_8
D:9:      layout_basic, elyvilon_altar_5
D:10:     layout_irregular_city, nicolae_ashenzari_panopticon,
          due_lair_maze_entry_diamond, nicolae_shop_i_like_big_books,
          nooodl_orcs_dogs, uniq_sonja
Temple:   eino_temple_rhombus
Lair:1:   layout_chaotic_city, uniq_grum, uniq_harold
Lair:2:   layout_regular_city, nicolae_spider_entry_orb_guardian,
          grunt_forest_small_clearing_treed
Lair:3:   layout_hall_layers, palyth_hydra_swamp_entry, roderic_batcave,
          disabler_island, uniq_fannar, uniq_prince_ribbit2, uniq_snorg

Skill      XL: |  1  2  3  4  5  6  7  8  9 10 11 12 13 |
---------------+----------------------------------------+-----
Axes           | 2 3 4 5 6 7 8 10 11 12 14 | 14.0
Fighting       | 4 6 8 9 10 11 | 11.1
Dodging        | 1 2 |  2.1
Armour         | 4 5 6 9 |  9.7
Shields        | 4 5 6 7 |  7.0
Invocations    | 1 4 8 10 | 10.0
Throwing       | 1 2 |  2.1

Action                   |  1- 3 |  4- 6 |  7- 9 | 10-12 | 13-15 || total
-------------------------+-------+-------+-------+-------+-------++-------
Melee: War axe           |   123 |   166 |   283 |   406 |   143 ||  1121
       Broad axe         |       |       |       |       |    93 ||    93
Throw: Boomerang         |     3 |    31 |       |    42 |    44 ||   120
Invok: Heroism           |       |       |     1 |    21 |     8 ||    30
       Finesse           |       |       |       |       |     5 ||     5
  Use: Scroll            |     3 |     2 |    11 |     9 |     2 ||    27
       Potion            |     2 |     8 |     1 |     3 |     1 ||    15
Armor: Scale mail        |    16 |       |       |       |       ||    16
       Ring mail         |    20 |       |       |       |       ||    20
       Chain mail        |    15 |   114 |       |       |       ||   129
       Plate armour      |       |     8 |   208 |   225 |    82 ||   523
Dodge: Dodged            |    90 |   116 |   210 |   213 |    85 ||   714
Block: Buckler           |    22 |    36 |    79 |   115 |    47 ||   299

Table legend:
 A = Non-vault XP
 B = Vault XP
 C = Vault XP percentage of total XP
 D = Non-vault monster count
 E = Vault monster count
 F = Vault count percentage of total count
                 A         B        C        D         E       F
            +---------+---------+-------+---------+---------+-------
      Total |   24762 |   10352 |  29.5 |     278 |      63 |  18.5
            +---------+---------+-------+---------+---------+-------
        D:1 |      15 |       0 |   0.0 |       9 |       0 |   0.0
        D:2 |      36 |       0 |   0.0 |      14 |       0 |   0.0
        D:3 |      63 |       0 |   0.0 |      15 |       0 |   0.0
        D:4 |     413 |       0 |   0.0 |      36 |       0 |   0.0
        D:5 |     694 |       0 |   0.0 |      15 |       0 |   0.0
        D:6 |     983 |     211 |  17.7 |      17 |       2 |  10.5
        D:7 |    1292 |       0 |   0.0 |      17 |       0 |   0.0
        D:8 |    2341 |    2002 |  46.1 |      48 |      24 |  33.3
        D:9 |     969 |     641 |  39.8 |      21 |       5 |  19.2
       D:10 |    2451 |    2413 |  49.6 |      20 |      17 |  45.9
     Lair:1 |    7050 |    1540 |  17.9 |      35 |       6 |  14.6
     Lair:2 |    5754 |     931 |  13.9 |      22 |       1 |   4.3
     Lair:3 |    2701 |    2614 |  49.2 |       9 |       8 |  47.1
            +---------+---------+-------+---------+---------+-------
